 Dungeon Crawl Stone Soup version 0.28-a0-697-g47f3eba078 (webtiles) character file.

Game seed: 177130877530037088

511 tatocazan the Skirmisher (level 6, -2/49 HPs)
             Began as a Demonspawn Fighter on Oct 23, 2021.
             Slain by Crazy Yiuf (9 damage)
             ... on level 4 of the Dungeon.
             The game lasted 00:06:02 (5244 turns).

tatocazan the Skirmisher (Demonspawn Fighter)       Turns: 5244, Time: 00:06:02

Health: -2/49      AC: 11    Str: 18    XL:     6   Next: 99%
Magic:  4/6        EV:  7    Int:  9    God:
Gold:   197        SH:  9    Dex: 13    Spells: 5/5 levels left

rFire   . . .      SeeInvis .   a - +0 war axe
rCold   . . .      Faith    .   c - +0 buckler
rNeg    . . .      Spirit   .   k - +0 plate armour
rPois   .          Reflect  .   (no helmet)
rElec   .          Harm     .   (no cloak)
rCorr   .          Rampage  .   (no gloves)
Will    .....                   (no boots)
Stlth   ..........              (no amulet)
HPRegen 0.16/turn               (no ring)
MPRegen 0.10/turn               (no ring)

@: lethally poisoned (-2 -> -9)
A: repulsion field 1, condensation shield
a: no special abilities


You were on level 4 of the Dungeon.
You visited 1 branch of the dungeon, and saw 4 of its levels.
You also visited: Sewer.

You collected 197 gold pieces.

Inventory:

Hand Weapons
 a - a +0 war axe (weapon)
Missiles
 s - a throwing net (quivered)
Armour
 b - a +0 scale mail
 c - a +0 buckler (worn)
 h - a +0 chain mail
 k - a +0 plate armour (worn)
Wands
 r - a wand of flame (9)
Scrolls
 l - 2 scrolls of identify {unknown}
 m - a scroll of noise {unknown}
 n - a scroll of magic mapping {unknown}
 q - a scroll of enchant armour {unknown}
 u - a scroll of summoning {unknown}
 w - a scroll of fog {unknown}
Potions
 d - a potion of might
 e - a potion of mutation {unknown}
 f - 2 potions of brilliance {unknown}
 g - a potion of haste
 i - a potion of curing {unknown}
 j - a potion of magic {unknown}
 o - 3 potions of invisibility {unknown}
 p - 2 potions of heal wounds {unknown}
 t - a potion of attraction {unknown}
 v - a potion of lignification {unknown}


   Skills:
 + Level 4.5 Fighting
 * Level 4.3 Axes
 + Level 4.1 Armour
 + Level 4.0 Shields


You had 5 spell levels left.
You didn't know any spells.
Your spell library contained the following spells:

 Spells                   Type           Power      Damage    Failure   Level
 Corpse Rot               Necr/Air       0%         N/A       100%        2
 Ensorcelled Hibernation  Hex/Ice        0%         N/A       100%        2
 Poisonous Vapours        Pois/Air       0%         N/A       100%        2
 Tukima's Dance           Hex            0%         N/A       100%        3


Dungeon Overview and Level Annotations

Branches:
Dungeon (4/15)              Sewer (visited)
 Temple: D:4-7

Altars:
Cheibriados
Sif Muna
Vehumet

Shops:
D:3 :=

Annotations:
D:4 Crazy Yiuf


Innate Abilities, Weirdness & Mutations

You are surrounded by a mild repulsion field. (EV +2)
A meltable shield of frost defends you. (SH +4)


Message History

You now have 197 gold pieces (gained 21).
You pick up a book of Maledictions and begin reading...
You add the spells Ensorcelled Hibernation and Tukima's Dance to your library.
Key pressed, stopping explore.
Key pressed, stopping explore.
Key pressed, stopping explore.
Crazy Yiuf shouts!
Crazy Yiuf says, "East forty-two koolooloo!"
Could not explore, unopened runed door.
Could not explore, unopened runed door.
You open the door. Crazy Yiuf barely misses you.
There is an open translucent door here.
Your plate armour prevents you from hitting Crazy Yiuf.
Crazy Yiuf hits you but does no damage.
You are electrocuted!
You take 12 damage, and have 37/49 hp.
MASSIVE DAMAGE!!
You barely miss Crazy Yiuf.
Crazy Yiuf hits you with a +3 quarterstaff of chaos!
You take 8 damage, and have 29/49 hp.
You slash Crazy Yiuf!
Crazy Yiuf is heavily wounded.
Crazy Yiuf hits you with a +3 quarterstaff of chaos.
You feel your power leaking away.
Crazy Yiuf drinks a potion.
Crazy Yiuf seems to speed up.
You take 4 damage, and have 25/49 hp.
You now have 4/6 mp.
You hit Crazy Yiuf.
Crazy Yiuf is severely wounded.
Crazy Yiuf hits you with a +3 quarterstaff of chaos.
You are poisoned.
Crazy Yiuf says, "Papa!
Leather sing foot."
Crazy Yiuf hits you but does no damage.
You take 1 damage, and have 24/49 hp.
You hit Crazy Yiuf.
Crazy Yiuf is almost dead.
You feel very sick.
Crazy Yiuf hits you with a +3 quarterstaff of chaos.
You are electrocuted!
* * * LOW HITPOINT WARNING * * *
Crazy Yiuf hits you with a +3 quarterstaff of chaos!
You die...

######.........###'###.#
######...........[##
##..........[.###
###########.[..## #.....#
#.###.. #### #####.# ##.
#)..### ##P....# ##
#..g@.####PP....#
#...##..#.P..).## ####
###.#.P).## ### ########
##.## #### #...## #####
########..##
##....###...####..........#
#.....#......##...........#
#.......###..##...........#


You could see Crazy Yiuf (fast).

Vanquished Creatures
  An ogre (D:4)
  A gnoll shaman (D:3)
  An iron imp (D:3)
  Jessica (D:2)
  Terence (D:2)
  2 orc wizards (D:4)
  Robin (D:2)
  4 adders
  5 gnolls
  2 howler monkey skeletons
  2 river rats (D:3)
  3 adder skeletons (D:4)
  4 dart slugs
  4 orcs (D:4)
  8 endoplasms
  2 giant cockroaches (D:3)
  19 goblins
  10 hobgoblins
  10 jackals
  8 kobolds
  4 quokkas
  9 ball pythons
  4 bats
  7 frilled lizards
  7 rats
120 creatures vanquished.

Vanquished Creatures (others)
  13 plants (Sewer)
13 creatures vanquished.

Grand Total: 133 creatures vanquished

Notes
Turn   | Place    | Note
-------+----------+-------------------------------------------
     0 | D:1      | tatocazan the Demonspawn Fighter began the quest for the
                  | Orb.
     0 | D:1      | Reached XP level 1. HP: 18/18 MP: 1/1
   373 | D:1      | Gained mutation: You are surrounded by a mild repulsion
                  | field. (EV +2) [demonic ancestry]
   373 | D:1      | Reached XP level 2. HP: 21/24 MP: 2/2
   578 | D:1      | Found a faded altar of an unknown god.
  1245 | D:2      | Gained mutation: A meltable shield of frost defends you.
                  | (SH +4) [demonic ancestry]
  1245 | D:2      | Reached XP level 3. HP: 28/29 MP: 3/3
  1339 | D:2      | Noticed Jessica
  1345 | D:2      | Killed Jessica
  1607 | D:2      | Noticed Robin
  1613 | D:2      | Reached XP level 4. HP: 30/35 MP: 4/4
  1616 | D:2      | Killed Robin
  2059 | D:2      | Noticed Terence
  2063 | D:2      | Killed Terence
  2123 | D:2      | Reached XP level 5. HP: 23/42 MP: 5/5
  2449 | D:3      | Found Cauleakk's Book Shop.
  2512 | D:3      | Found Peizxal's Jewellery Shoppe.
  2515 | D:3      | Found a glowing drain.
  2534 | Sewer    | Entered a sewer
  3451 | D:3      | Found a snail-covered altar of Cheibriados.
  3544 | D:3      | Found Poillebb's Armour Emporium.
  3575 | D:3      | Found a radiant altar of Vehumet.
  3765 | D:4      | Reached XP level 6. HP: 28/48 MP: 6/6
  3963 | D:4      | Found a shimmering blue altar of Sif Muna.
  4989 | D:4      | Found a runed translucent door.
  4990 | D:4      | Noticed Crazy Yiuf
  5244 | D:4      | Slain by Crazy Yiuf

Illustrated notes

Levels and vault maps discovered:
D:1:      lightli_arrival_flooded_house, layout_loops_ring,
          dreamdust_ecumenical_altar_hidden_monk_grotto,
          chequers_serial_rivers_small_3, serial_park_tiny_pond,
          minmay_misc_feat_roman
D:2:      layout_rooms, uniq_terence, uniq_jessica, uniq_robin
D:3:      layout_rooms, chei_slow_surprise, vehumet_altar_wand_db,
          portal_sewer_entry_a, serial_shops,
          nicolae_shop_competitors_out_of_business, shop_fountains, shop
D:4:      layout_cave_pods, lemuel_doored_altar, kennysheep_generic_room_3,
          uniq_crazy_yiuf_cottage

Skill      XL: |  1  2  3  4  5  6 |
---------------+-------------------+-----
Axes           | 2 3 4 |  4.3
Armour         | 3 4 |  4.1
Shields        | 3 4 |  4.0
Fighting       | 4 |  4.5

Action                   |  1- 3 |  4- 6 || total
-------------------------+-------+-------++-------
Melee: War axe           |    81 |   267 ||   348
Evoke: Wand              |       |     1 ||     1
  Use: Scroll            |       |     1 ||     1
Armor: Scale mail        |    14 |       ||    14
       Chain mail        |    35 |   140 ||   175
       Plate armour      |       |    13 ||    13
Dodge: Dodged            |    42 |   102 ||   144
Block: Buckler           |    28 |   138 ||   166

Table legend: (Time is in decaauts)
 A = Elapsed time spent in this place.
 B = Non-inter-level travel time spent in this place.
 C = Inter-level travel time spent in this place.
 D = Time resting spent in this place.
 E = Time spent auto-exploring this place.
 F = Levels seen in this place.
 G = Mean time per level.
                   A        B        C        D        E       F      G
               +--------+--------+--------+--------+--------+-----+--------+
         Total |   5525 |   5485 |     40 |   1397 |   3160 |   5 | 1105.0 |
       Dungeon |   4546 |   4506 |     40 |   1193 |   2580 |   4 | 1136.5 |
         Sewer |    978 |    978 |      0 |    204 |    580 |   1 |  978.0 |
               +--------+--------+--------+--------+--------+-----+--------+

Top non-repeatable levels by time:
     D:1: 1241 daAuts
     D:4: 1172 daAuts
     D:2: 1165 daAuts
   Sewer: 978 daAuts
     D:3: 966 daAuts
